 Dungeon Crawl Stone Soup version 0.26.1-11-gd32895ea62 (webtiles) character file.

Game seed: 18010086022738358723

1516 Zeld the Carver (level 9, -1/61 HPs)
             Began as a Human Gladiator on June 5, 2021.
             Slain by a gnoll
             ... wielding a +0 halberd
              (2 damage)
             ... on level 6 of the Dungeon.
             The game lasted 00:08:50 (8362 turns).

Zeld the Carver (Human Gladiator)                   Turns: 8362, Time: 00:08:50

Health: -1/61      AC: 10    Str: 13 (15) XL:     9   Next: 9%
Magic:  9/9        EV:  4    Int:  7 (8)  God:
Gold:   250        SH:  0    Dex: 15 (16) Spells: 8/8 levels left

rFire    . . .     SeeInvis .   a - +0 long sword
rCold    + . .     Faith    .   (no shield)
rNeg     . . .     Spirit   .   o - +0 plate armour
rPois    .         Reflect  .   (helmet restricted)
rElec    .         Harm     .   (no cloak)
rCorr    .         Rampage  .   (no gloves)
Will     .....                  (no boots)
Stlth    ..........             (no amulet)
HPRegen  0.20/turn              (no ring)
MPRegen  0.11/turn              (no ring)

@: lethally poisoned (-1 -> -13), attractive
A: horns 1, cold resistance 1, sense surroundings 1, weak 1
a: no special abilities


You were on level 6 of the Dungeon.
You visited 1 branch of the dungeon, and saw 6 of its levels.

You collected 250 gold pieces.

Inventory:

Hand Weapons
 a - a +0 long sword (weapon)
Missiles
 h - 48 poisoned darts (quivered)
Armour
 c - a +0 helmet
 o - a +0 plate armour (worn)
Jewellery
 b - an uncursed ring of protection from fire {unknown}
 r - an uncursed ring of stealth {unknown}
 w - a +4 ring of protection {unknown}
 x - an uncursed ring of positive energy {unknown}
 A - a cursed -4 ring of evasion {unknown}
Scrolls
 f - a scroll of fog {unknown}
 i - a scroll of magic mapping {unknown}
 k - 6 scrolls of identify {unknown}
 m - 4 scrolls of random uselessness {unknown}
 p - 5 scrolls of remove curse {unknown}
 q - 2 scrolls of noise {unknown}
 u - 5 scrolls of teleportation {unknown}
 y - a scroll of immolation {unknown}
 z - a scroll of enchant weapon {unknown}
 B - a scroll of fear {unknown}
Potions
 d - a potion of berserk rage {unknown}
 e - a potion of lignification {unknown}
 g - a potion of might {unknown}
 j - 2 potions of degeneration
 l - 2 potions of attraction
 n - a potion of curing {unknown}
 s - a potion of magic
 t - a potion of haste {unknown}


   Skills:
 - Level 2.0 Fighting
 * Level 11.0 Long Blades
 - Level 2.0 Throwing
 - Level 3.0 Dodging


You had 8 spell levels left.
You didn't know any spells.
Your spell library contained the following spells:

 Spells                   Type           Power        Failure   Level
 Animate Skeleton         Necr           0%           100%        1
 Apportation              Tloc           0%           100%        1
 Corona                   Hex            0%           100%        1
 Summon Small Mammal      Summ           0%           100%        1


Dungeon Overview and Level Annotations

Branches:
Dungeon (6/15)
 Temple: D:4-7

Altars:
Makhleb
Nemelex Xobeh
Okawaru
Ru
Yredelemnul


Innate Abilities, Weirdness & Mutations

You have a pair of small horns on your head.
Your flesh is cold resistant. (rC+)
You passively map a small area around you.
You are weak. (Str -2)


Message History

Your +0 helmet falls away!
You feel less encumbered by your armour.
Your fingernails lengthen.
* * * LOW HITPOINT WARNING * * *
You feel sick. The gnoll hits you but does no damage.
The gnoll barely misses you.
Okay, then.
You don't know any spells.
Unknown command.
Really quaff the potion of mutation?
You feel extremely strange.
You feel more encumbered by your armour.
Your fingernails shrink to normal size.
The antennae on your head shrink away.
You feel resistant to cold.
You feel weaker.
You feel a strange attunement to the structure of the dungeons.
A pair of horns grows on your head!
* * * LOW HITPOINT WARNING * * *
You feel sick. The gnoll hits you but does no damage.
The gnoll hits you from afar with a +0 halberd.
You die...

########## #.........
#.########*
############.#
#............#### *
#.#########..@g.# *
####.## #.###g#
#.....########.#*#{g.#
#.##............ .g..#
#.##.#########.###...#
#.##.# #.# #..##
.....# * *#.# #..# *
..####*, ..# #..# .##
* * #..#


You could see 3 gnolls.

Vanquished Creatures
  Grinder (D:5)
  Sigmund (D:3)
  Eustachio (D:6)
  A water moccasin (D:6)
  2 ogres (D:4)
  A necrophage (D:6)
  A centaur (D:5)
  2 bullfrogs
  A howler monkey (D:5)
  4 hounds
  An orc wizard (D:5)
  Natasha (thrice) (D:3)
  2 worker ants
  A hound skeleton (D:4)
  3 gnolls (D:4)
  5 adders
  An ooze (D:2)
  A worm (D:2)
  A dart slug (D:1)
  3 leopard geckos
  6 orcs
  11 bats
  4 giant cockroaches
  4 goblins
  5 hobgoblins
  6 jackals
  6 kobolds
  4 quokkas
  A ball python (D:1)
  4 frilled lizards
  A giant cockroach zombie (D:5)
  A jackal zombie (D:6)
  3 quokka skeletons
  10 rats
102 creatures vanquished.

Vanquished Creatures (others)
  2 plants (D:2)
2 creatures vanquished.

Grand Total: 104 creatures vanquished

Notes
Turn   | Place    | Note
-------+----------+-------------------------------------------
     0 | D:1      | Zeld the Human Gladiator began the quest for the Orb.
     0 | D:1      | Reached XP level 1. HP: 16/16 MP: 1/1
   187 | D:1      | Reached XP level 2. HP: 22/22 MP: 2/2
   615 | D:1      | Reached skill level 4 in Long Blades
   615 | D:1      | Reached XP level 3. HP: 23/27 MP: 3/3
  1114 | D:2      | Reached XP level 4. HP: 25/33 MP: 4/4
  1434 | D:2      | Noticed a bullfrog
  1447 | D:2      | Killed a bullfrog
  1448 | D:2      | Reached skill level 5 in Long Blades
  1448 | D:2      | Reached XP level 5. HP: 28/38 MP: 5/5
  1762 | D:2      | Found a burning altar of Makhleb.
  1770 | D:2      | Reached skill level 6 in Long Blades
  2028 | D:3      | Found an iron altar of Okawaru.
  2050 | D:3      | Found a basalt altar of Yredelemnul.
  2050 | D:3      | Found a sparkling altar of Nemelex Xobeh.
  2201 | D:3      | Noticed Sigmund
  3466 | D:3      | Killed Sigmund
  3467 | D:3      | Reached skill level 7 in Long Blades
  3467 | D:3      | Reached XP level 6. HP: 25/44 MP: 0/6
  3611 | D:3      | Found a sacrificial altar of Ru.
  3892 | D:3      | Noticed Natasha
  3909 | D:3      | Killed Natasha
  3910 | D:3      | Reached XP level 7. HP: 37/50 MP: 7/7
  3958 | D:3      | Noticed Natasha
  3959 | D:3      | Found a faded altar of an unknown god.
  3973 | D:3      | Killed Natasha
  4103 | D:3      | Noticed Natasha
  4310 | D:3      | Killed Natasha
  4828 | D:4      | Reached skill level 8 in Long Blades
  5940 | D:5      | Entered Level 5 of the Dungeon
  5987 | D:5      | Noticed Eustachio
  6298 | D:5      | HP: 1/50 [river rat[Eustachio] (6)]
  6382 | D:6      | Reached skill level 9 in Long Blades
  6382 | D:6      | Reached XP level 8. HP: 4/56 MP: 8/8
  6866 | D:5      | Noticed Grinder
  6875 | D:5      | Paralysed by Grinder for 2 turns
  6880 | D:5      | Killed Grinder
  7446 | D:5      | Reached skill level 10 in Long Blades
  7830 | D:6      | Killed Eustachio
  8206 | D:6      | Reached XP level 9. HP: 52/61 MP: 9/9
  8357 | D:6      | Reached skill level 11 in Long Blades
  8361 | D:6      | Gained mutation: You have a pair of small antennae on your
                  | head. [potion of mutation]
  8361 | D:6      | Gained mutation: Your movements are slightly less
                  | encumbered by armour. (ER -2) [potion of mutation]
  8361 | D:6      | Gained mutation: You have sharp fingernails. [potion of
                  | mutation]
  8361 | D:6      | HP: 3/61 [poisoned by a water moccasin]
  8362 | D:6      | Lost mutation: Your movements are slightly less encumbered
                  | by armour. (ER -2) [potion of mutation]
  8362 | D:6      | Lost mutation: You have sharp fingernails. [potion of
                  | mutation]
  8362 | D:6      | Lost mutation: You have a pair of small antennae on your
                  | head. [potion of mutation]
  8362 | D:6      | Gained mutation: Your flesh is cold resistant. (rC+)
                  | [potion of mutation]
  8362 | D:6      | Gained mutation: You are weak. (Str -2) [potion of
                  | mutation]
  8362 | D:6      | Gained mutation: You passively map a small area around you.
                  | [potion of mutation]
  8362 | D:6      | Gained mutation: You have a pair of small horns on your
                  | head. [potion of mutation]
  8362 | D:6      | HP: 1/61 [poisoned by a water moccasin]
  8362 | D:6      | Slain by a gnoll

Illustrated notes

Levels and vault maps discovered:
D:1:      elethiomel_arrival_shortcut, layout_basic
D:2:      layout_loops_ring, makhleb_heckhound_becter, corexii_shack
D:3:      layout_loops_ring, grunt_temple_overflow_open,
          chequers_ecumenical_altar_simple_redux,
          nicolae_ru_the_path_less_chosen, uniq_sigmund, uniq_natasha
D:4:      layout_cave_pods, minmay_statues_item, st_stairs_12,
          minmay_misc_feat_nine_boxes, minivault_4
D:5:      layout_basic, uniq_grinder, uniq_eustachio
D:6:      layout_loops_ring, grunt_dithmenos_smoke_and_mirrors,
          minmay_temple_entry_mist

Skill      XL: |  1  2  3  4  5  6  7  8  9 |
---------------+----------------------------+-----
Long Blades    | 4 5 7 9 10 11 | 11.0
Fighting       | |  2.0
Throwing       | |  2.0
Dodging        | |  3.0

Action                   |  1- 3 |  4- 6 |  7- 9 || total
-------------------------+-------+-------+-------++-------
Melee: Long sword        |    73 |   117 |   315 ||   505
Throw: Throwing net      |       |     6 |     4 ||    10
  Use: Potion            |       |       |     5 ||     5
Armor: Leather armour    |    18 |    10 |       ||    28
       Plate armour      |       |   108 |   266 ||   374
Dodge: Dodged            |    57 |    49 |   102 ||   208
       Rpst.: Long sword |    18 |    18 |    35 ||    71
